 Dungeon Crawl Stone Soup version 0.30-a0-404-g0b3c3f4973 (webtiles) character file.

Game seed: 17930916120333908947

161 mentos the Insei (level 5, 0/33 HPs)
             Began as an Octopode Transmuter on Dec 7, 2022.
             Slain by an iguana (3 damage)
             ... on level 6 of the Dungeon.
             The game lasted 00:06:40 (1427 turns).

mentos the Insei (Octopode Transmuter)              Turns: 1427, Time: 00:06:41

Health: 0/33       AC:  1    Str: 11    XL:     5   Next: 42%
Magic:  8/8        EV: 13    Int: 15    God:
Gold:   192        SH:  0    Dex: 13    Spells: 7/8 levels left

rFire   . . .      SeeInvis .      - Unarmed
rCold   . . .      Faith    .    (no shield)
rNeg    . . .      Spirit   .    (helmet restricted)
rPois   .          Reflect  .    (no amulet)
rElec   .          Harm     .    (no ring)
rCorr   .          Rampage  .    (no ring)
Will    .....                    (no ring)
Stlth   +++.......               (no ring)
HPRegen 0.25/turn                (no ring)
MPRegen 0.11/turn                (no ring)
                                 (no ring)
                                 (no ring)

@: no status effects
A: almost no armour, amphibious, 8 rings, camouflage 1, gelatinous body 1,
(nimble swimmer 1), tentacles
a: no special abilities


You were on level 6 of the Dungeon.
You visited 1 branch of the dungeon, and saw 6 of its levels.

You collected 192 gold pieces.

Inventory:

Hand Weapons
 i - a +0 dagger
 j - a +0 club
 k - a +0 dagger
 m - a +0 dagger
 p - a +0 short sword of speed
Missiles
 l - 9 stones
Armour
 g - a +0 robe
 n - a +0 chain mail
Jewellery
 o - an amulet of magic regeneration
 q - an amulet of the acrobat
Scrolls
 b - a scroll of teleportation {unknown}
 e - 3 scrolls of identify {unknown}
 h - a scroll of noise {unknown}
 r - a scroll of summoning {unknown}
 s - a scroll of immolation {unknown}
Potions
 a - a potion of lignification
 c - 3 potions of degeneration {unknown}
 d - a potion of curing {unknown}
 f - a potion of flight {unknown}


   Skills:
 + Level 1.3 Fighting
 + Level 2.8 Dodging
 + Level 2.5 Stealth
 + Level 4.7 Unarmed Combat
 + Level 2.2 Spellcasting
 + Level 2.1 Transmutations


You had 7 spell levels left.
You knew the following spells:

 Your Spells              Type           Power      Damage    Failure   Level
a - Beastly Appendage     Tmut           16%        N/A       9%          1

Your spell library contained the following spells:

 Spells                   Type           Power      Damage    Failure   Level
 Wereblood                Tmut           8%         N/A       14%         2
 Shock                    Conj/Air       4%         1d3       22%         1
 Spider Form              Tmut/Pois      4%         N/A       38%         3
 Swiftness                Air            1%         N/A       54%         3
 Ice Form                 Ice/Tmut       4%         N/A       80%         4
 Airstrike                Air            0%         2d(1-17)  91%         4


Dungeon Overview and Level Annotations

Branches:
Dungeon (6/15)
 Temple: D:4-7

Altars:

Shops:
D:1 *


Innate Abilities, Weirdness & Mutations

You cannot wear most types of armour.
You are amphibious.
You can wear up to eight rings at the same time.
Your skin changes colour to match your surroundings (Stealth+).
Your rubbery body absorbs attacks. (AC +1, EV +1)
((You are camouflaged when in or above water. (Stealth+)))
You have tentacles for arms and can constrict up to eight enemies at once.


Message History

You completely miss the adder.
The adder is heavily wounded.
You constrict the adder. The adder misses you.
You tentacle-slap the adder but do no damage.
You squeeze the adder.
You kill the adder!
Found 7 gold pieces.
Found a scroll labelled QODYVEOSTRA.
You now have 192 gold pieces (gained 7).
There are no items here.
There are no items here.
An iguana comes into view.
You see here a scroll labelled QODYVEOSTRA.
s - a scroll labelled QODYVEOSTRA You hear the slow hiss of a distant avalanche of sand.
A kobold comes into view. It is wielding a +0 whip.
A kobold comes into view. It is wielding a +0 club.
Found a stone staircase leading down.
A kobold brigand and a kobold come into view.
The kobold brigand is wielding a +0 whip and quivering poisoned darts.
The kobold shouts!
You barely miss the iguana.
The kobold brigand shouts!
The kobold shouts! x2
You grab the iguana. You constrict the iguana. The iguana barely misses you.
You release your grip on the iguana.
The iguana bites you.
You tentacle-slap the kobold but do no damage.
Your grab misses the kobold. The kobold closely misses you.
The iguana bites you but does no damage.
You tentacle-slap the kobold but do no damage.
You grab the kobold.
You constrict the kobold, but do no damage.
The kobold barely misses you. The iguana bites you.
You tentacle-slap the kobold.
You kill the kobold!
The kobold hits you with a +0 club. The iguana bites you.
You barely miss the kobold brigand. Your grab misses the kobold brigand.
The kobold brigand hits you with a +0 whip!
* * * LOW HITPOINT WARNING * * *
The iguana bites you.
You die...

............#
............##
.............# #.
.............# #...
.............###....
..............#....#
.......K..........#
......KKl........#
......#@........##
....>####......######
..... #............
#.... #............
##.. #.........## #.
#.....##### ##.....#
#......# ..#......#


You could see a kobold brigand, an iguana and 2 kobolds.

Vanquished Creatures
  2 hounds (D:4)
  Terence (D:3)
  An iguana (D:6)
  An adder (D:6)
  3 dart slugs
  4 endoplasms (D:1)
  A giant cockroach (D:2)
  3 hobgoblins
  3 jackals (D:1)
  4 quokkas
  2 ball pythons
  A bat (D:3)
  A frilled lizard (D:2)
  3 goblins
  2 kobolds
  5 rats
37 creatures vanquished.

Notes
Turn   | Place    | Note
-------+----------+-------------------------------------------
     0 | D:1      | mentos the Octopode Transmuter began the quest for the Orb.
     0 | D:1      | Reached XP level 1. HP: 13/13 MP: 3/3
    58 | D:1      | Found Ciehytuv's Assorted Antiques.
   200 | D:1      | Reached XP level 2. HP: 18/18 MP: 5/5
   506 | D:1      | Reached XP level 3. HP: 7/23 MP: 6/6
   991 | D:3      | Noticed Terence
  1002 | D:3      | Killed Terence
  1003 | D:3      | Reached skill level 1 in Stealth
  1003 | D:3      | Reached skill level 4 in Unarmed Combat
  1003 | D:3      | Reached XP level 4. HP: 5/28 MP: 7/7
  1138 | D:4      | Reached XP level 5. HP: 32/33 MP: 8/8
  1205 | D:5      | Entered Level 5 of the Dungeon
  1417 | D:6      | Noticed a kobold brigand
  1427 | D:6      | Slain by an iguana

Illustrated notes

Levels and vault maps discovered:
D:1:      tarquinn_simple_flora_water_d, layout_basic, serial_shops, shop_coins
D:2:      layout_loops_ring, basic_altar
D:3:      layout_loops_cross, chequers_ecumenical_altar_grove, uniq_terence
D:4:      layout_basic, gammafunk_temple_overflow_elements, temple_fountains,
          minmay_shop_enchanted_jewellery, chequers_serial_rivers_small_3,
          minmay_misc_feat_doors, uniq_grinder
D:5:      layout_loops_corners, minmay_misc_feat_nine_boxes,
          kennysheep_cluttered_room, nicolae_shop_fire_sale
          [nicolae_sub_dead_trees], hangedman_decor_lopped, dk_vineyard_2,
          grunt_decor_one_mirror
D:6:      black_bear_nest_1, layout_layer_cave, nicolae_ossuary_entry_catacombs,
          uniq_crazy_yiuf_cottage

Skill      XL: |  1  2  3  4 |
---------------+-------------+-----
Stealth        | 1 2 |  2.5
Unarmed Combat | 4 |  4.7
Fighting       | |  1.3
Dodging        | |  2.8
Spellcasting   | |  2.2
Transmutations | |  2.1

Action                   |  1- 3 |  4- 6 || total
-------------------------+-------+-------++-------
Melee: Unarmed           |    66 |    31 ||    97
       Tentacles         |    15 |     8 ||    23
       Constrict         |    14 |     8 ||    22
       Punch             |     4 |       ||     4
 Cast: Beastly Appendage |     1 |       ||     1
 Stab: Sleeping          |     2 |     3 ||     5
Armor: Skin              |    11 |     2 ||    13
Dodge: Dodged            |    56 |    28 ||    84

Table legend: (Time is in decaauts)
 A = Elapsed time spent in this place.
 B = Non-inter-level travel time spent in this place.
 C = Inter-level travel time spent in this place.
 D = Time resting spent in this place.
 E = Time spent auto-exploring this place.
 F = Levels seen in this place.
 G = Mean time per level.
                   A        B        C        D        E       F      G
               +--------+--------+--------+--------+--------+-----+--------+
         Total |   1419 |   1360 |     59 |      0 |      0 |   6 |  236.5 |
       Dungeon |   1419 |   1360 |     59 |      0 |      0 |   6 |  236.5 |
               +--------+--------+--------+--------+--------+-----+--------+

Top non-repeatable levels by time:
     D:1: 861 daAuts
     D:4: 171 daAuts
     D:5: 153 daAuts
     D:2: 125 daAuts
     D:6: 66 daAuts
     D:3: 39 daAuts
